 Dungeon Crawl Stone Soup version 0.23-a0-275-g0cf4261 (webtiles) character file.

43 Amnesiac the Digger (level 3, 0/31 HPs)
             Began as an Ogre Earth Elementalist on Oct 2, 2018.
             Killed by divine providence
             ... invoked by an orc priest
              (13 damage)
             ... on level 3 of the Dungeon.
             The game lasted 00:01:48 (1015 turns).

Amnesiac the Digger (Ogre Earth Elementalist)       Turns: 1015, Time: 00:01:50

Health: 0/31       AC:  4    Str: 12    XL:     3   Next: 58%
Magic:  1/7        EV: 10    Int: 17    God:
Gold:   74         SH:  0    Dex:  9    Spells: 5/8 levels left

rFire    . . .     SeeInvis .   b - +0 hunting sling
rCold    . . .     Gourm    .   (no shield)
rNeg     . . .     Faith    .   c - +1 robe
rPois    .         Spirit   .   (helmet restricted)
rElec    .         Reflect  .   (no cloak)
rCorr    .         Harm     .   (gloves unavailable)
MR       .....                  (boots unavailable)
Stlth    +.........             (no amulet)
HPRegen  0.10/turn              (no ring)
MPRegen  0.10/turn              (no ring)

@: no status effects
A: large, unfitting armour, tough skin 1
a: no special abilities


You were on level 3 of the Dungeon.
You were not hungry.

You visited 1 branch of the dungeon, and saw 3 of its levels.

You collected 74 gold pieces.

Inventory:

Hand Weapons
 a - a +0 dagger of electrocution
 b - a +0 hunting sling (weapon)
 i - a +0 scimitar
Missiles
 g - 121 stones
 h - 2 sling bullets (quivered)
Armour
 c - a +1 robe (worn)
Potions
 e - a potion of curing {!q, unknown}
Comestibles
 d - 3 rations
 f - 5 chunks of flesh


   Skills:
 - Level 1.7 Dodging
 - Level 1.4 Stealth
 + Level 3.1 Spellcasting
 - Level 0.8 Transmutations
 * Level 3.7 Earth Magic


You had 5 spell levels left.
You knew the following spells:

 Your Spells              Type           Power        Failure   Level  Hunger
a - Sandblast             Erth           ###...       3%          1    None
b - Passwall              Tmut/Erth      ##......     11%         2    ##.....

Your spell library contained the following spells:

 Spells                   Type           Power        Failure   Level  Hunger
 Stone Arrow              Conj/Erth      #.....       24%         3    ###....
 Petrify                  Tmut/Erth      ##......     56%         4    ####...
 Lee's Rapid Deconstruct  Erth           ###.......   71%         5    ######.


Dungeon Overview and Level Annotations

Branches:
Dungeon (3/15)

Altars:


Innate Abilities, Weirdness & Mutations

You are too large for most types of armour.
You have tough skin. (AC +1)


Message History

You can't see any susceptible monsters within range! (Use Z to cast anyway.)
Casting: Sandblast (safe; 3% risk of failure)
Confirm with . or Enter, or press ? or * to list all spells.
You can't see any susceptible monsters within range! (Use Z to cast anyway.)
Things that are here:
a dagger; a hunting sling; a leopard gecko corpse You butcher the leopard gecko corpse.
f - 5 chunks of flesh (gained 1)
Things that are here:
a dagger; a hunting sling; a leopard gecko skeleton There isn't anything to butcher here.
You start resting.
An orc priest comes into view. It is wielding a flail.
An orc priest is nearby!
Firing (i - inventory. (/) - cycle)
h - 3 sling bullets (quivered)
Press: ? - help, Shift-Dir - straight line, f - orc priest
Aim: an orc priest, wielding a flail, wearing a leather armour and wearing a You shoot a sling bullet.
The sling bullet completely misses the orc priest.
The orc priest shouts!
You start resting.
The orc priest is too close now for your liking.
Casting: Sandblast (safe; 3% risk of failure)
Confirm with . or Enter, or press ? or * to list all spells.
Aiming: Sandblast (safe; 3% risk of failure)
Press: ? - help, Shift-Dir - straight line, f/p - orc priest
Aim: an orc priest, wielding a flail, wearing a leather armour and wearing a The blast of sand misses the orc priest.
g - 123 stones
Casting: Sandblast (safe; 3% risk of failure)
Confirm with . or Enter, or press ? or * to list all spells.
Aiming: Sandblast (safe; 3% risk of failure)
Press: ? - help, Shift-Dir - straight line, f/p - orc priest
Aim: an orc priest, wielding a flail, wearing a leather armour and wearing a The blast of sand misses the orc priest.
g - 122 stones The orc priest mumbles some strange prayers to Beogh against you.
Beogh smites you!
* * * LOW HITPOINT WARNING * * *
Casting: Sandblast (safe; 3% risk of failure)
Confirm with . or Enter, or press ? or * to list all spells.
Aiming: Sandblast (safe; 3% risk of failure)
Press: ? - help, Shift-Dir - straight line, f/p - orc priest
Aim: an orc priest, wielding a flail, wearing a leather armour and wearing a The blast of sand hits the orc priest.
g - 121 stones The orc priest closely misses you.
Casting: Sandblast (safe; 3% risk of failure)
Confirm with . or Enter, or press ? or * to list all spells.
You don't have enough magic to cast that spell.
Casting: Sandblast (safe; 3% risk of failure)
Confirm with . or Enter, or press ? or * to list all spells.
You don't have enough magic to cast that spell.
Casting: Sandblast (safe; 3% risk of failure)
Confirm with . or Enter, or press ? or * to list all spells.
You don't have enough magic to cast that spell.
Casting: Sandblast (safe; 3% risk of failure)
Confirm with . or Enter, or press ? or * to list all spells.
You don't have enough magic to cast that spell.
The orc priest miscasts a cantrip.
There is a stone staircase leading up here.
The orc priest mumbles some strange prayers to Beogh against you.
Beogh smites you!
You die...

#.......#
####..##.#.#
##..(.....#.########
.)..♣.♣..##[##.....#
♣....l♣##.##.....#
♣♣♣♣♣....[##.....#
♣♣..####.....# ♣)(#
#.....#
♣♣(######@###
♣.())..##.#
♣#..##.##o#
♣..#.#....#####.#.
♣o###.............
♣. ##.....##.#... (.
#..##..# ###
#.####..# #.# #..#


You could see an orc priest.

Vanquished Creatures
  A gnoll (D:3)
  An ooze (D:3)
  A leopard gecko (D:3)
  4 orcs (D:3)
  5 bats
  A giant cockroach (D:1)
  2 goblins
  2 hobgoblins
  3 kobolds (D:1)
  A frilled lizard (D:1)
  2 rats (D:1)
23 creatures vanquished.

Notes
Turn   | Place    | Note
-------+----------+-------------------------------------------
     0 | D:1      | Amnesiac the Ogre Earth Elementalist began the quest for
                  | the Orb.
     0 | D:1      | Reached XP level 1. HP: 16/16 MP: 3/3
   234 | D:2      | Reached XP level 2. HP: 16/24 MP: 5/5
   238 | D:2      | Learned a level 2 spell: Passwall
   802 | D:3      | Reached XP level 3. HP: 23/31 MP: 5/7
  1015 | D:3      | Killed from afar by an orc priest

Vault maps used:
D:1:      co_arrival_random_square_maze
D:2:      first_ration, amethyst_killhole
D:3:      led_sif_book, chequers_ecumenical_altar_grove, uniq_sigmund

Skill      XL: |  1  2 |
---------------+-------+-----
Earth Magic    | 3 |  3.7
Spellcasting   | 3 |  3.1
Dodging        | |  1.7
Stealth        | |  1.4
Transmutations | |  0.8

Action                   || total
-------------------------++-------
Melee: Spear             ||    44
       Unarmed           ||    25
       Dagger            ||     1
 Fire: Hunting sling     ||    36
 Cast: Sandblast         ||     8
  Use: Scroll            ||     1
Armor: Robe              ||    48
Dodge: Dodged            ||    75

Table legend:
 A = Non-vault XP
 B = Vault XP
 C = Vault XP percentage of total XP
 D = Non-vault monster count
 E = Vault monster count
 F = Vault count percentage of total count
                 A         B        C        D         E       F
            +---------+---------+-------+---------+---------+-------
      Total |      62 |       0 |   0.0 |      23 |       0 |   0.0
            +---------+---------+-------+---------+---------+-------
        D:1 |      20 |       0 |   0.0 |      13 |       0 |   0.0
        D:2 |       2 |       0 |   0.0 |       1 |       0 |   0.0
        D:3 |      40 |       0 |   0.0 |       9 |       0 |   0.0
            +---------+---------+-------+---------+---------+-------
